 Dungeon Crawl Stone Soup version 0.31-a0-210-gccc998df9b (webtiles) character file.

Game seed: 330784104662508514

205 Dittersdorf the Trooper (level 5, 0/34 HPs)
             Began as a Gargoyle Fighter on June 29, 2023.
             Slain by a quokka (1 damage)
             ... on level 2 of the Dungeon.
             The game lasted 00:03:36 (1401 turns).

Dittersdorf the Trooper (Gargoyle Fighter)          Turns: 1401, Time: 00:03:37

Health: 0/34       AC: 13    Str: 22    XL:     5   Next: 83%
Magic:  5/5        EV:  8    Int:  8    God:
Gold:   88         SH:  4    Dex:  9    Spells: 4/4 levels left

rFire   . . .        a - +0 flail
rCold   + . .        c - +0 buckler
rNeg    + . .        e - +0 chain mail
rPois   ∞            (no helmet)
rElec   +            (no cloak)
rCorr   .            (no gloves)
SInv    .            (no boots)
Will    .....        (no amulet) Stlth
                     n - ring of protection from cold
HPRegen 0.25/turn    (no ring)
MPRegen 0.09/turn

%: no passive effects
@: no status effects
A: sickness immunity, AC +4, negative energy resistance 1, electricity
resistance, torment resistance 1, petrification resistance
a: no special abilities


You were on level 2 of the Dungeon.
You visited 1 branch of the dungeon, and saw 4 of its levels.

You collected 88 gold pieces.

Inventory:

Hand Weapons
 a - a +0 flail (weapon)
Missiles
 j - 8 poisoned darts
Armour
 c - a +0 buckler (worn)
 e - a +0 chain mail (worn)
Jewellery
 k - a ring of ice
 n - a ring of protection from cold (left hand)
Scrolls
 b - a scroll of teleportation {unknown}
 f - a scroll of enchant armour {unknown}
 i - a scroll of blinking {unknown}
 m - a scroll of brand weapon {unknown}
Potions
 d - 2 potions of might
 g - 2 potions of curing {unknown}
 h - 2 potions of resistance {unknown}
 l - a potion of heal wounds {unknown}


   Skills:
 + Level 4.4 Fighting
 + Level 3.3 Maces & Flails
 + Level 4.4 Armour
 + Level 4.4 Shields


You had 4 spell levels left.
You didn't know any spells.
Your spell library was empty.

Dungeon Overview and Level Annotations

Branches:
Dungeon (4/15)
 Temple: D:4-7

Altars:
Cheibriados
Trog


Innate Abilities, Weirdness & Mutations

You are immune to sickness and miasma.
Your stone body is resilient. (AC +4)
You are immune to poison.
You resist negative energy. (rN+)
You are resistant to electric shocks. (rElec)
You are resistant to unholy torment.
You are immune to petrification.


Message History

You hit the kobold.
The kobold is severely wounded.
The kobold hits you but does no damage.
You closely miss the kobold.
The kobold is severely wounded.
The kobold barely misses you.
You hit the kobold.
You kill the kobold!
The quokka barely misses you. You block the gnoll's attack.
You hit the quokka.
You kill the quokka!
The gnoll hits you from afar with a +0 spear.
The gnoll barely misses you. The gnoll hits you but does no damage.
There is a stone staircase leading down here.
Things that are here:
a +0 short sword; a kobold corpse You sock the gnoll!
The gnoll is almost dead.
The gnoll hits you with a +0 spear. The gnoll hits you but does no damage.
You barely miss the gnoll.
The gnoll is almost dead.
The gnoll hits you with a +0 spear.
The gnoll hits you from afar with a +0 spear.
* * * LOW HITPOINT WARNING * * *
You sock the gnoll!
You kill the gnoll!
The gnoll hits you from afar with a +0 spear.
* * * LOW HITPOINT WARNING * * *
The endoplasm freezes you.
You are frozen.
You resist.
* * * LOW HITPOINT WARNING * * *
You block the gnoll's attack.
You hit the endoplasm but do no damage. You block the endoplasm's attack.
The gnoll closely misses you.
You sock the endoplasm!
You kill the endoplasm!
The gnoll barely misses you. The quokka bites you.
* * * LOW HITPOINT WARNING * * *
The quokka attacks as you move away! The quokka bites you.
You die...

#....JP..♣♣P.#
..PP♣♣gP.♣.)..#
♣♣ ♣P.♣♣..P##
♣§P♣♣♣..##
.♣P§♣##..#
.......g##
########)# #r#
##@#######
#.........
#.........
#.........
#######.........
#.....><.......)
#...............
#...............
#...............


You could see a gnoll and a quokka.

Vanquished Creatures
  A scorpion (D:4)
  An orc wizard (D:4)
  A gnoll (D:2)
  5 adders
  A dart slug (D:4)
  4 orcs (D:4)
  9 ball pythons
  4 endoplasms
  3 giant cockroaches
  8 goblins
  3 hobgoblins
  2 jackals (D:1)
  7 kobolds
  4 quokkas
  A bat (D:2)
  4 frilled lizards
  2 rats
60 creatures vanquished.

Notes
Turn   | Place    | Note
-------+----------+-------------------------------------------
     0 | D:1      | Dittersdorf the Gargoyle Fighter began the quest for the
                  | Orb.
     0 | D:1      | Reached XP level 1. HP: 14/14 MP: 1/1
    87 | D:1      | Reached XP level 2. HP: 19/19 MP: 2/2
   455 | D:1      | Reached XP level 3. HP: 23/23 MP: 3/3
   731 | D:2      | You fall into a shaft and drop 2 floors!
   851 | D:3      | Found a bloodstained altar of Trog.
   853 | D:3      | Found a faded altar of an unknown god.
   902 | D:4      | Reached XP level 4. HP: 20/29 MP: 4/4
   995 | D:4      | Noticed a scorpion
  1008 | D:4      | Killed a scorpion
  1009 | D:4      | Reached XP level 5. HP: 32/33 MP: 5/5
  1065 | D:3      | Found a snail-covered altar of Cheibriados.
  1399 | D:2      | HP: 1/34 [quokka (4)]
  1401 | D:2      | Slain by a quokka

Illustrated notes

Levels and vault maps discovered:
D:1:      lemuel_arrival_broad_hall, layout_loops_cross
D:2:      wad_woods_stonehenge, layout_basic
D:3:      layout_basic, mainiacjoe_overflow_alcove_2,
          nicolae_overflow_ecumenical_swirl, mainiacjoe_overflow_alcove_1,
          minmay_misc_feat_columns, amcnicky_mini_rare_corridor_liquid,
          minmay_statues_item, minmay_misc_feat_chi
D:4:      layout_cave_pods, grunt_temple_overflow_holy_war, serial_shops,
          nicolae_shop_trees, serial_column_ruins, column_ruins_circle_large,
          column_ruins_circle_medium, column_ruins_open_small,
          column_ruins_grid_1, column_ruins_corridor_dead_end,
          column_ruins_open_tiny, column_ruins_columns_straight,
          column_ruins_open_tiny

Skill      XL: |  1  2  3  4 |
---------------+-------------+-----
Fighting       | 4 |  4.4
Armour         | 4 |  4.4
Shields        | 4 |  4.4
Maces & Flails | 3 |  3.3

Action                     |  1- 3 |  4- 6 || total
---------------------------+-------+-------++-------
  Melee: Flail             |   100 |    92 ||   192
 Armour: Scale mail        |     7 |       ||     7
         Chain mail        |    62 |    66 ||   128
  Dodge: Dodged            |    42 |    49 ||    91
  Block: Buckler           |    21 |    25 ||    46

Table legend: (Time is in decaauts)
 A = Elapsed time spent in this place.
 B = Non-inter-level travel time spent in this place.
 C = Inter-level travel time spent in this place.
 D = Time resting spent in this place.
 E = Time spent auto-exploring this place.
 F = Levels seen in this place.
 G = Mean time per level.
                   A        B        C        D        E       F      G
               +--------+--------+--------+--------+--------+-----+--------+
         Total |   1458 |   1406 |     52 |      0 |    904 |   4 |  364.5 |
       Dungeon |   1458 |   1406 |     52 |      0 |    904 |   4 |  364.5 |
               +--------+--------+--------+--------+--------+-----+--------+

Top non-repeatable levels by time:
     D:1: 706 daAuts
     D:4: 341 daAuts
     D:2: 250 daAuts
     D:3: 160 daAuts
